Arrhythmia, neutral female human Tourist -------- #.......| ###|....d.| # |..[.n.| ### -----|-- # # ### q # ) ### h ---+----------- # r# +........<....|### ### |.............|# .q|- |.............|# ....| |..............# $....| |.............| |$.....| --------------- |$u..$.| -------- Arrhythmia the Excursionist Experience level: 7 Strength: 12 Dexterity: 14 Constitution: 18 Intelligence: 12 Wisdom: 9 Charisma: 14 Health: 0(50) Energy: 30(30) AC: -3 Gold: 812 Moves: 3674 Your Inventory: Coins $ - 812 gold pieces Weapons a - an uncursed +2 dart (in quiver) d - 9 [uncursed +0] darts r - an uncursed [+4] silver spear (weapon in hand) P - an [uncursed +0] broad pick [dwarvish mattock] Armor k - an uncursed +0 Hawaiian shirt (being worn) t - an uncursed +0 iron skull cap [orcish helm] (being worn) C - an uncursed +2 pair of boots called Kicking [kicking] (being worn) D - a cursed [-1] pair of gloves called Fumbles [gauntlets of fumbling] G - a blessed +2 cloak of invisibility [and cold resistance] (being worn) H - an uncursed +0 pair of high boots I - an uncursed +0 oilskin cloak K - an uncursed +0 pair of mud boots [water walking] W - an [uncursed] +0 dwarvish mithril-coat (being worn) Comestibles b - an uncursed Hot Futa Mare Dick c - 2 uncursed food rations e - 4 uncursed [stale] eggs f - an uncursed lembas wafer Scrolls j - 4 uncursed scrolls of magic mapping q - a cursed scroll labeled LOREN IPSUM [of light] v - an uncursed scroll labeled LOREN IPSUM [of light] z - 2 uncursed scrolls labeled KERNOD WEL [of confuse monster] Potions h - a blessed potion of extra healing i - 2 uncursed potions of extra healing y - an uncursed greasy potion [of levitation] L - an [uncursed] potion of confusion X - a [cursed] icy potion [of object detection] Y - an [uncursed] black potion [of see invisible] Z - an [uncursed] golden potion [of invisibility] Tools l - an uncursed expensive camera (0:63) m - an uncursed credit card U - an [uncursed] bag [sack] Gems n - an [uncursed] white gem [worthless glass] u - an uncursed blue gem [worthless glass] Q - an [uncursed] orange gem [worthless glass] R - an [uncursed] red gem [worthless glass] Spells known in the end: Name Level Category Fail Memory a - cone of cold 4 attack 100% [||||||||] Your skills at the end: Fighting Skills Weapon Skills dart [Basic / Expert] Spellcasting Skills Final Attributes: You were piously aligned. Hunger level was 384. Your alignment was 28 / 28. Monster difficulty range was 1 - 7. Level difficulty was 7. You resisted fire. You were immune to cold. You were confused. You were invisible. Your luck was zero. You are dead. Vanquished creatures: a tengu a brown pudding a dog a water nymph a rock piercer a rock mole a yellow light a gnome lord 4 gray oozes 2 floating eyes a kitten a dwarf a homunculus 3 rothes a giant bat a monkey a werejackal 2 iguanas 2 acid blobs a gas spore a hobbit a large kobold a hobgoblin a cave spider a yellow mold a garter snake 6 gnome zombies 3 geckos 5 jackals 3 kobolds 3 goblins 6 grid bugs a bat 5 lichens a kobold zombie 6 newts 73 creatures vanquished. Voluntary challenges: You used a wielded weapon 80 times. You read items or engraved 339 times. You put on armor 19 times. You never genocided any monsters. You never polymorphed an object. You never changed form. You used no wishes. You wrote Elbereth's name 26 times. You never encountered a bones level. You never used any Sokoban shortcuts. Dungeon overview: The Dungeons of Doom: levels 1 to 7 Level 1 a sink a long staircase Level 2 a delicatessen a long staircase Level 3 an armor shop, an altar to The Lady, a fountain Level 5 a sink Level 6 a fountain Level 7 <- You were here History has recorded: On T:1 you entered the Dungeons of Doom to retrieve the Amulet of Yendor! On T:368 you advanced to experience level 2. On T:422 you reached level 2 of The Dungeons of Doom. On T:462 you advanced to experience level 3. On T:833 you advanced to experience level 4. On T:931 you reached level 3 of The Dungeons of Doom. On T:1492 you advanced to experience level 5. On T:1655 you reached level 4 of The Dungeons of Doom. On T:2113 you advanced to experience level 6. On T:2200 you reached level 5 of The Dungeons of Doom. On T:2625 you reached level 6 of The Dungeons of Doom. On T:3203 you reached level 7 of The Dungeons of Doom. On T:3256 you advanced to experience level 7. Latest messages: The giant rat turns to flee! You add "Elbereth" with your fingers to the writing in the dust. (2x) The horse turns to flee! You add "Elbereth" with your fingers to the writing in the dust. (3x) The little dog turns to flee! You add "Elbereth" with your fingers to the writing in the dust. (6x) The jackal turns to flee! The rothe turns to flee! You add "Elbereth" with your fingers to the writing in the dust. You miss the jackal. You kill the jackal! You kill the yellow light! You miss the mumak. The mumak butts! The mumak misses. [HP-26=24] You add "Elbereth" with your fingers to the writing in the dust. (2x) The mumak misses. (2x) The dwarf swings her pick-axe. The dwarf hits! [HP-12=12] You add "Elbereth" with your fingers to the writing in the dust. The mumak butts! You die... The sack is empty. Final status: Aloha Arrhythmia the Tourist... You died in The Dungeons of Doom on dungeon level 7 with 3242 points, and 812 pieces of gold, after 3674 moves. You were level 7 with a maximum of 50 hit points when you died.